 Dungeon Crawl Stone Soup version 0.22-b1-21-g5cfc1688f2 (webtiles) character file.

10983 3rdEnemy the Archer (level 11, -6/101 HPs)
             Began as a Centaur Hunter on Aug 6, 2018.
             Was a High Priest of Okawaru.
             Mangled by a skeletal warrior
             ... wielding a +0 short sword
             ... led by a skeletal warrior
              (17 damage)
             ... on level 10 of the Dungeon.
             The game lasted 00:33:52 (14533 turns).

3rdEnemy the Archer (Centaur Hunter)               Turns: 14533, Time: 00:33:53

Health: -6/101     AC: 14    Str: 17    XL:     11   Next: 43%
Magic:  11/11      EV:  7    Int: 10    God:    Okawaru [*****.]
Gold:   620        SH:  2    Dex: 11    Spells: 10/10 levels left

rFire    . . .     SeeInvis .   q - +2 flail (holy)
rCold    . . .     Gourm    .   (no shield)
rNeg     . . .     Faith    .   h - +0 chain mail
rPois    +         Spirit   .   (no helmet)
rElec    .         Reflect  +   l - +2 cloak {rPois}
rCorr    .         Harm     .   (no gloves)
MR       .....                  (no barding)
Stlth    ..........             w - +2 amulet of reflection
HPRegen  0.26/turn              p - ring of stealth
MPRegen  0.12/turn              (no ring)

@: very quick
A: large, hooves 3, rugged brown scales 1, deformed body, speed 2, shaggy fur 1,
tough skin 3, wild magic 1
a: Heroism, Finesse, Renounce Religion


You were on level 10 of the Dungeon.
You worshipped Okawaru.
Okawaru was extremely pleased with you.
You were not hungry.

You visited 2 branches of the dungeon, and saw 12 of its levels.

You collected 620 gold pieces.

Inventory:

Hand Weapons
 a - a +1 dagger of electrocution
 b - a +1 shortbow
 j - a +0 arbalest
 q - a +2 flail of holy wrath (weapon)
Missiles
 d - 134 arrows
 g - 89 bolts
Armour
 h - a +0 chain mail (worn)
 l - a +2 cloak of poison resistance (worn)
 s - a scarf of resistance
 x - a +0 helmet
Jewellery
 p - a ring of stealth (left hand)
 u - an uncursed ring of fire
 w - a +2 amulet of reflection (around neck)
Wands
 k - a wand of paralysis (23)
 t - a wand of polymorph (9)
 z - a wand of random effects (30)
 H - a wand of flame (35)
Scrolls
 c - 2 scrolls of enchant armour
 i - 3 scrolls of teleportation
 m - a scroll of fear
 o - 2 scrolls of enchant weapon
 r - 9 scrolls of identify
 v - 2 scrolls of remove curse
 y - 3 scrolls of amnesia
 B - a scroll of acquirement {unknown}
 C - a scroll of fog
 D - a scroll of blinking
Potions
 e - 3 potions of might
 n - 2 potions of agility
 A - a potion of ambrosia {unknown}
 E - a potion of brilliance
 F - a potion of invisibility {unknown}
Comestibles
 f - 22 rations


   Skills:
 + Level 10.1 Fighting
 + Level 13.4 Bows
 + Level 7.2 Armour
 - Level 5.0 Dodging
 - Level 2.0 Stealth


You had 10 spell levels left.
You didn't know any spells.
Your spell library contained the following spells:

 Spells                   Type           Power        Failure   Level  Hunger
 Confuse                  Hex            #.......     100%        3    ####...
 Tukima's Dance           Hex            #.......     100%        3    ####...
 Ensorcelled Hibernation  Hex/Ice        #.....       100%        2    ###....
 Corona                   Hex            #......      99%         1    ##.....
 Dazzling Spray           Conj/Hex       #.....       100%        3    ####...


Dungeon Overview and Level Annotations

Branches:
Dungeon (11/15)            Temple (1/1) D:6            Lair (0/6) D:11
    Orc: D:9-12

Altars:
Ashenzari
Cheibriados
Dithmenos
Elyvilon
Fedhas
Gozag
Hepliaklqana
Kikubaaqudgha
Makhleb
Nemelex Xobeh
Okawaru
Qazlal
Ru
Sif Muna
Trog
Uskayaw
Vehumet
Wu Jian
Xom
Yredelemnul
Zin
The Shining One
Lugonu

Shops:
D:5 :   D:10 :

Annotations:
D:8 arbalest


Innate Abilities, Weirdness & Mutations

You have hooves in place of feet.
Armour fits poorly on your strangely shaped body.
You cover ground very quickly.
You have extremely tough skin. (AC +3)
You are partially covered in rugged brown scales. (AC +1, +3% HP)
You are covered in fur. (AC +1)
Your spells are a little harder to cast, but a little more powerful.


Message History

You kick the skeletal warrior, but do no damage.
The skeletal warrior is moderately damaged.
The skeletal warrior hits you but does no damage. x2
You hit the skeletal warrior but do no damage.
The skeletal warrior is moderately damaged.
The skeletal warrior hits you with a short sword.
You closely miss the skeletal warrior. You kick the skeletal warrior!
The skeletal warrior is heavily damaged.
The skeletal warrior hits you with a short sword!
* * * LOW HITPOINT WARNING * * *
You hit the skeletal warrior but do no damage.
You kick the skeletal warrior, but do no damage.
The skeletal warrior is heavily damaged.
The skeletal warrior hits you with a short sword!
* * * LOW HITPOINT WARNING * * *
The skeletal warrior hits you but does no damage.
You hit the skeletal warrior but do no damage.
The skeletal warrior is heavily damaged.
The skeletal warrior hits you with a short sword!
You die...

####......#. ##...........
####..##........ ###
#....##.....##.# #.##
####.##...>....##.# #..####
#....##.##.....#... #.....#
#.###..............
##....#####.....###.....##.#.
###.......z@.####...#####.#.
#..#.####..####...# ##.#.
#######.............#..#####..#)
#......................##.....#.
#............###.#.....#........
#...........####...#............
#...............................
#...........###.......#.........
#...........# #.#.#.............


You could see a skeletal warrior.

Vanquished Creatures
  3 two-headed ogres
  A skeletal warrior (D:11)
  A centaur zombie (D:11)
  2 trolls
  3 hornets
  2 hippogriffs
  Sigmund (D:2)
  A wyvern (D:11)
  A wraith (D:11)
  5 yaks (D:9)
  2 hungry ghosts
  A basilisk (D:9)
  Edmund (D:5)
  A soldier ant (D:8)
  A water moccasin (D:11)
  A sky beast (D:5)
  A black bear (D:7)
  2 orc warriors (D:7)
  2 ice beasts
  A necrophage (D:9)
  8 ogres
  2 phantoms
  An eye of draining (D:11)
  7 centaurs
  Blork the orc (D:6)
  7 bullfrogs
  4 scorpions
  6 killer bees (D:11)
  4 wights (D:8)
  A howler monkey (D:11)
  4 jellies
  5 crimson imps
  5 hounds
  2 orc priests
  A centaur skeleton (D:7)
  5 bullfrog skeletons
  6 iguanas
  6 orc wizards
  11 worker ants
  3 hound zombies
  2 hound skeletons
  3 gnolls (D:2)
  8 adders
  6 shadow imps
  3 worms
  2 dart slugs
  5 leopard geckos
  36 orcs
  4 giant cockroaches
  8 goblins
  10 hobgoblins
  13 jackals
  8 kobolds
  5 quokkas
  5 bats
  4 frilled lizards
  A leopard gecko skeleton (D:7)
  A leopard gecko zombie (D:5)
  9 rats
255 creatures vanquished.

Vanquished Creatures (others)
  3 plants (D:11)
3 creatures vanquished.

Grand Total: 258 creatures vanquished

Notes
Turn   | Place    | Note
-------+----------+-------------------------------------------
     0 | D:1      | 3rdEnemy the Centaur Hunter began the quest for the Orb.
     0 | D:1      | Reached XP level 1. HP: 17/17 MP: 1/1
   443 | D:1      | Reached XP level 2. HP: 19/24 MP: 2/2
   683 | D:1      | Reached skill level 1 in Stealth
   981 | D:2      | Noticed Sigmund
  1648 | D:2      | Killed Sigmund
  1648 | D:2      | Reached skill level 6 in Bows
  1648 | D:2      | Reached XP level 3. HP: 24/31 MP: 3/3
  1648 | D:2      | Reached XP level 4. HP: 29/38 MP: 4/4
  1648 | D:2      | Reached XP level 5. HP: 35/45 MP: 5/5
  2848 | D:2      | Reached XP level 6. HP: 40/51 MP: 6/6
  3159 | D:3      | Reached skill level 1 in Armour
  3784 | D:4      | Reached skill level 7 in Bows
  3835 | D:4      | Reached XP level 7. HP: 9/59 MP: 7/7
  4412 | D:5      | Entered Level 5 of the Dungeon
  4554 | D:5      | Found Mohoq's Book Emporium.
  4833 | D:5      | Found a shimmering altar of Xom.
  4887 | D:5      | Reached skill level 8 in Bows
  4887 | D:5      | Reached XP level 8. HP: 35/67 MP: 8/8
  4943 | D:5      | Found an ancient bone altar of Kikubaaqudgha.
  4946 | D:5      | Found a glowing golden altar of the Shining One.
  4949 | D:5      | Found a hide-covered altar of Uskayaw.
  4992 | D:5      | Reached skill level 5 in Fighting
  5033 | D:5      | Noticed Edmund
  5101 | D:5      | Killed Edmund
  5807 | D:5      | You fall through a shaft for 2 floors!
  6038 | D:6      | Reached skill level 9 in Bows
  6063 | D:6      | Noticed Blork the orc
  6112 | D:6      | Killed Blork the orc
  6366 | D:6      | Found a hazy altar of Hepliaklqana.
  6537 | D:6      | Found a staircase to the Ecumenical Temple.
  6624 | Temple   | Entered the Ecumenical Temple
  6790 | Temple   | Became a worshipper of Warmaster Okawaru
  7099 | D:7      | Reached XP level 9. HP: 68/75 MP: 9/9
  7165 | D:7      | Found a radiant altar of Vehumet.
  7329 | D:7      | Reached * piety under Okawaru
  7643 | D:7      | Reached skill level 5 in Dodging
  7773 | D:7      | Reached skill level 10 in Bows
  8145 | D:8      | Found a corrupted altar of Lugonu.
  8148 | D:8      | Noticed a two-headed ogre
  8184 | D:8      | Killed a two-headed ogre
  8184 | D:8      | Reached ** piety under Okawaru
  8184 | D:8      | Reached skill level 5 in Armour
  8394 | D:8      | Reached skill level 11 in Bows
  8394 | D:8      | Reached XP level 10. HP: 54/88 MP: 10/10
  9327 | D:8      | Found a transporter.
  9471 | D:8      | Noticed a red ugly thing
  9472 | D:8      | Noticed a white ugly thing
  9762 | D:9      | Reached *** piety under Okawaru
 10394 | D:9      | Reached skill level 12 in Bows
 11187 | D:10     | Entered Level 10 of the Dungeon
 11187 | D:10     | Found Ysipeh's Book Boutique.
 11290 | D:10     | Paralysed by an orc wizard for 6 turns
 11630 | D:10     | Gained mutation: Scrolls take you a little longer to read. [potion of mutation]
 11630 | D:10     | Gained mutation: You are frail. (-10% HP) [potion of mutation]
 11630 | D:10     | Gained mutation: You have a pair of small horns on your head. [potion of mutation]
 11631 | D:10     | Lost mutation: You are frail. (-10% HP) [potion of mutation]
 11631 | D:10     | Lost mutation: Scrolls take you a little longer to read. [potion of mutation]
 11631 | D:10     | Lost mutation: You have a pair of small horns on your head. [potion of mutation]
 11631 | D:10     | Gained mutation: Your flesh is heat resistant. (rF+) [potion of mutation]
 11631 | D:10     | Gained mutation: You are partially covered in rugged brown scales. (AC +1, +3% HP) [potion of mutation]
 11632 | D:10     | Lost mutation: Your flesh is heat resistant. (rF+) [potion of mutation]
 11632 | D:10     | Gained mutation: Your body sometimes deteriorates upon taking damage. [potion of mutation]
 11632 | D:10     | Gained mutation: You are covered in fur. (AC +1) [potion of mutation]
 11632 | D:10     | Lost mutation: Your body sometimes deteriorates upon taking damage. [potion of mutation]
 11632 | D:10     | Gained mutation: Your spells are a little harder to cast, but a little more powerful. [potion of mutation]
 11690 | D:11     | Reached **** piety under Okawaru
 11813 | D:11     | Noticed a skeletal warrior
 11816 | D:11     | Noticed a skeletal warrior
 11818 | D:11     | Noticed a skeletal warrior
 11977 | D:11     | Reached XP level 11. HP: 80/99 MP: 11/11
 12042 | D:11     | Noticed a two-headed ogre
 12058 | D:11     | Killed a two-headed ogre
 12634 | D:11     | Reached skill level 13 in Bows
 13002 | D:11     | Noticed a two-headed ogre
 13028 | D:11     | Killed a two-headed ogre
 13028 | D:11     | Reached ***** piety under Okawaru
 13242 | D:11     | Noticed a skeletal warrior
 13907 | D:11     | Killed a skeletal warrior
 13907 | D:11     | Reached skill level 10 in Fighting
 14170 | D:11     | Found a staircase to the Lair.
 14533 | D:10     | Mangled by a skeletal warrior

Skill      XL: |  1  2  3  4  5  6  7  8  9 10 11 |
---------------+----------------------------------+-----
Stealth        | 1 2 |  2.0
Fighting       | 3 4 6 7 9 10 | 10.1
Bows           | 6 7 8 9 11 12 13 | 13.4
Dodging        | 2 3 4 5 |  5.0
Armour         | 1 2 3 5 6 7 |  7.2

Action                   |  1- 3 |  4- 6 |  7- 9 | 10-12 || total
-------------------------+-------+-------+-------+-------++-------
Melee: Short sword       |    56 |       |       |       ||    56
       Kick              |    12 |    33 |    64 |    68 ||   177
       Spear             |    10 |    22 |       |       ||    32
       Dagger            |       |   138 |   296 |   223 ||   657
       Unarmed           |       |       |     2 |       ||     2
       Morningstar       |       |       |     7 |       ||     7
       Flail             |       |       |       |    24 ||    24
 Fire: Shortbow          |    11 |    30 |   161 |   407 ||   609
Evoke: Box of beasts     |       |       |       |     1 ||     1
  Use: Scroll            |       |     5 |     3 |    10 ||    18
       Potion            |       |       |     6 |     8 ||    14
  Eat: Chunk             |     1 |     6 |    18 |    11 ||    36
       Ration            |       |       |       |     2 ||     2
Armor: Chain mail        |    46 |   127 |   183 |   259 ||   615
       Skin              |     2 |       |       |       ||     2
       Leather armour    |     1 |       |       |       ||     1
Dodge: Dodged            |    19 |    49 |    80 |   125 ||   273
Block: Other             |       |       |       |    19 ||    19
